 Dungeon Crawl Stone Soup version 0.21.1-1-g345015f (webtiles) character file.

1552 ResFu the Covert (level 8, -13/42 HPs)
             Began as a Spriggan Assassin on July 5, 2018.
             Was an Initiate of Wu Jian.
             Killed from afar by Rwicked's ghost (23 damage)
             ... with a stone arrow
             ... on level 5 of the Dungeon.
             The game lasted 01:04:18 (7511 turns).

ResFu the Covert (Spriggan Assassin)                Turns: 7511, Time: 01:04:19

Health: -13/42     AC:  3    Str:  8    XL:     8   Next: 57%
Magic:  12/12      EV: 22    Int: 13    God:    Wu Jian [......]
Gold:   27         SH:  0    Dex: 18    Spells: 5/11 levels left

rFire    + . .     SeeInvis +   b - +0 blowgun
rCold    . . .     Gourm    .   (shield restricted)
rNeg     . . .     Faith    .   c - +0 robe
rPois    .         Spirit   .   (helmet restricted)
rElec    .         Reflect  .   d - +0 cloak
rCorr    .         Harm     .   (gloves unavailable)
MR       +....                  (boots unavailable)
Stlth    +++++.....             (no amulet)
HPRegen  0.14/turn              t - ring of protection from fire
MPRegen  0.13/turn              (no ring)

@: very quick
A: very small, unfitting armour, see invisible, herbivore, speed 3, slow
metabolism 2
a: Renounce Religion


You were on level 5 of the Dungeon.
You worshipped Wu Jian.
Wu Jian was noncommittal.
You were not hungry.

You visited 1 branch of the dungeon, and saw 5 of its levels.

You collected 311 gold pieces.
You spent 284 gold pieces at shops.

Inventory:

Hand Weapons
 a - a +2 dagger
 b - a +0 blowgun (weapon)
 r - a +3 vampiric dagger
 w - a +0 falchion of slicing
 D - the cursed +3 scimitar "Hianodot" {protect, Int+3 Dex+4, unknown}
   (You found it on level 5 of the Dungeon)

   It protects the one who uses it against injury (+AC on strike).
   It affects your intelligence (+3).
   It affects your dexterity (+4).
   It has a curse placed upon it.
Missiles
 e - 20 poisoned needles (quivered)
Armour
 c - a +0 robe (worn)
 d - a +0 cloak (worn)
Jewellery
 n - an uncursed ring of flight
 t - a ring of protection from fire (left hand)
Wands
 f - a wand of disintegration (11)
 u - a wand of polymorph (8)
 x - a wand of acid (9)
 C - a wand of iceblast (8)
Scrolls
 h - a scroll of immolation
 k - a scroll of magic mapping {unknown}
 l - 6 scrolls of remove curse {unknown}
 o - 4 scrolls of teleportation
 q - 3 scrolls of enchant armour {unknown}
 s - 7 scrolls of identify
 y - a scroll of fog {unknown}
 z - a scroll of amnesia {unknown}
Potions
 i - 2 potions of cancellation {unknown}
 j - 3 potions of heal wounds
 m - a potion of resistance {unknown}
 p - a potion of lignification {unknown}
 A - 2 potions of curing
 B - a potion of flight {unknown}
Books
 v - a book of Necromancy

   Spells                             Type                      Level
   a - Pain                           Necromancy                   1
   b - Animate Skeleton               Necromancy                   1
   c - Vampiric Draining              Necromancy                   3
   d - Regeneration                   Charms/Necromancy            3
   e - Animate Dead                   Necromancy                   4
   f - Borgnjor's Vile Clutch         Necromancy/Earth             5
Comestibles
 g - 6 rations


   Skills:
 + Level 3.9 Fighting
 + Level 7.5 Short Blades
 - Level 2.0 Throwing
 + Level 6.5 Dodging
 - Level 10.1 Stealth
 - Level 2.2 Spellcasting
 - Level 0.4 Evocations


You had 5 spell levels left.
You knew the following spells:

 Your Spells              Type           Power        Failure   Level  Hunger
a - Vampiric Draining     Necr           #.........   58%         3    ####...
b - Regeneration          Chrm/Necr      #.........   58%         3    ####...


Dungeon Overview and Level Annotations

Branches:
Dungeon (5/15)
 Temple: D:4-7

Altars:
Cheibriados
Gozag
Nemelex Xobeh
Okawaru
Ru
Sif Muna
Wu Jian

Shops:
D:4 !   D:5 %==}

Annotations:
D:4 ! lotte's ghost elementalist, lotte's ghost, amateur DEIE
D:5 Rwicked's ghost, novice GrEE


Innate Abilities, Weirdness & Mutations

You are very small and have problems with some larger weapons.
You are too small for most types of armour.
You have supernaturally acute eyesight. (SInv)
You are a herbivore.
You cover ground extremely quickly.
You need consume almost no food.


Message History

Rwicked's ghost gestures at you while chanting.
The blast of sand hits you!
Firing (i - inventory):
e - 22 poisoned needles (quivered)
Press: ? - help, Shift-Dir - straight line, f/p - Rwicked's ghost
Aim: Rwicked's ghost You shoot a poisoned needle.
The poisoned needle hits Rwicked's ghost.
Firing (i - inventory):
e - 21 poisoned needles (quivered)
Press: ? - help, Shift-Dir - straight line, f/p - Rwicked's ghost
Aim: Rwicked's ghost You shoot a poisoned needle.
The poisoned needle hits Rwicked's ghost.
Rwicked's ghost points at you and mumbles some strange words.
The stone arrow hits you!
Ouch! That really hurt!
* * * LOW HITPOINT WARNING * * *
Rwicked's ghost gestures at you while chanting.
The stone arrow hits you!
Ouch! That really hurt!
You die...

#........# #........# #>.......#
####........###### #####
#.##....(...##...###...######
#.##.....W....∩.............##
####...........####..#....##.....
...............####......†.#.....
......#)........@...........#....
.......###......#######..<..###..
.....#.....###....###....#..# #..
.....#.##### ###......8#.##.###..
........# ##.####...........
.....#..### ##.#.8.∩.8........
.....#....## #....##.#.........
.....##....### #.#.###8#.........
.....###.....###.................


You could see Rwicked's ghost.

Vanquished Creatures
  A two-headed ogre (D:4)
  Prince Ribbit (D:5)
  A phantom (D:5)
  An ogre (D:5)
  A centaur (D:5)
  A crimson imp (D:5)
  A bullfrog zombie (D:5)
  2 orc priests
  Crazy Yiuf (D:5)
  2 hounds (D:4)
  An orc wizard (D:3)
  An iguana (D:5)
  2 worker ants
  A hound skeleton (D:3)
  Robin (D:2)
  6 adders
  An adder skeleton (D:5)
  2 worms
  4 dart slugs
  7 leopard geckos
  2 orcs
  A ball python (D:1)
  6 bats
  A giant cockroach (D:3)
  14 goblins
  12 hobgoblins
  2 jackals (D:3)
  7 kobolds
  A ball python skeleton (D:3)
  4 frilled lizards
  7 rats
95 creatures vanquished.

Notes
Turn   | Place    | Note
-------+----------+-------------------------------------------
     0 | D:1      | ResFu the Spriggan Assassin began the quest for the Orb.
     0 | D:1      | Reached XP level 1. HP: 10/10 MP: 2/2
    75 | D:1      | Reached skill level 6 in Stealth
   284 | D:1      | Reached XP level 2. HP: 13/14 MP: 3/3
   588 | D:1      | Found a sparkling altar of Nemelex Xobeh.
   721 | D:1      | Reached XP level 3. HP: 18/18 MP: 4/4
   889 | D:2      | Reached skill level 7 in Stealth
  1255 | D:2      | Noticed Robin
  1299 | D:2      | Killed Robin
  1299 | D:2      | Reached XP level 4. HP: 7/23 MP: 5/5
  2018 | D:3      | Reached XP level 5. HP: 10/26 MP: 6/6
  3228 | D:3      | Found a sacrificial altar of Ru.
  3344 | D:3      | Found an opulent altar of Gozag.
  3540 | D:3      | Found an ornate altar of the Wu Jian Council.
  3541 | D:3      | Found an iron altar of Okawaru.
  3550 | D:3      | Became a worshipper of the Wu Jian Council
  3623 | D:4      | Reached skill level 8 in Stealth
  3709 | D:4      | Found Jizin's Distillery.
  3718 | D:4      | Bought a potion of curing for 39 gold pieces
  3718 | D:4      | Bought a potion of heal wounds for 65 gold pieces
  3843 | D:4      | Noticed a two-headed ogre
  4009 | D:4      | Killed a two-headed ogre
  4009 | D:4      | Reached skill level 5 in Dodging
  4009 | D:4      | Reached skill level 9 in Stealth
  4009 | D:4      | Reached XP level 6. HP: 32/32 MP: 7/7
  4009 | D:4      | Reached XP level 7. HP: 35/35 MP: 8/8
  4140 | D:4      | Noticed lotte's ghost (amateur DEIE)
  5627 | D:5      | Entered Level 5 of the Dungeon
  5627 | D:5      | Found a deep blue altar of Sif Muna.
  5627 | D:5      | Noticed Rwicked's ghost (novice GrEE)
  5806 | D:5      | Found Zulef's Jewellery Shop.
  5807 | D:5      | Found Efonui's Food Emporium.
  6000 | D:5      | Found a snail-covered altar of Cheibriados.
  6028 | D:5      | Found a runed door.
  6032 | D:5      | Noticed Crazy Yiuf
  6267 | D:5      | Reached XP level 8. HP: 39/40 MP: 9/9
  6708 | D:5      | Reached skill level 10 in Stealth
  6713 | D:5      | Learned a level 3 spell: Vampiric Draining
  6717 | D:5      | Learned a level 3 spell: Regeneration
  6717 | D:5      | Noticed Prince Ribbit
  7143 | D:5      | Got a fine scimitar
  7206 | D:5      | Killed Prince Ribbit
  7206 | D:5      | Reached skill level 1 in Spellcasting
  7236 | D:5      | Found Goshruf's Jewellery Shoppe.
  7247 | D:5      | Found Peic's Gadget Emporium.
  7255 | D:5      | Bought a wand of disintegration (11) for 180 gold pieces
  7464 | D:5      | Killed Crazy Yiuf
  7511 | D:5      | Killed from afar by Rwicked's ghost

Skill      XL: |  1  2  3  4  5  6  7  8 |
---------------+-------------------------+-----
Stealth        | 6 7 9 10 | 10.1
Short Blades   | 3 4 6 7 |  7.5
Dodging        | 2 5 6 |  6.5
Fighting       | 2 3 |  3.9
Spellcasting   | 2 |  2.2
Throwing       | |  2.0
Evocations     | |  0.4

Action                   |  1- 3 |  4- 6 |  7- 9 || total
-------------------------+-------+-------+-------++-------
Melee: Dagger            |   119 |    89 |   116 ||   324
 Fire: Blowgun           |    11 |    40 |    49 ||   100
Invok: Lunge             |       |       |     7 ||     7
Evoke: Wand              |       |     1 |       ||     1
  Use: Scroll            |     1 |     3 |     3 ||     7
       Potion            |       |       |     1 ||     1
 Stab: Sleeping          |     9 |     6 |     4 ||    19
       Distracted        |       |     1 |       ||     1
  Eat: Ration            |       |       |     2 ||     2
Armor: Robe              |    16 |    10 |       ||    26
Dodge: Dodged            |    88 |    53 |    64 ||   205
